 Dungeon Crawl Stone Soup version 0.27.1-15-g792fb953b9 (webtiles) character file.

Game seed: 7933369520776846465

8 ces the Bolt Thrower (level 2, -1/14 HPs)
             Began as a Spriggan Hunter on Nov 19, 2021.
             Slain by a kobold (4 damage)
             ... on level 1 of the Dungeon.
             The game lasted 00:01:23 (586 turns).

ces the Bolt Thrower (Spriggan Hunter)               Turns: 586, Time: 00:01:24

Health: -1/14      AC:  2    Str:  8    XL:     2   Next: 0%
Magic:  3/3        EV: 17    Int: 12    God:
Gold:   11         SH:  0    Dex: 15    Spells: 1/1 levels left

rFire    . . .     SeeInvis +   b - +0 short sword
rCold    . . .     Faith    .   (shield restricted)
rNeg     . . .     Spirit   .   c - +0 robe
rPois    .         Reflect  .   (helmet restricted)
rElec    .         Harm     .   (no cloak)
rCorr    .         Rampage  .   (gloves unavailable)
Will     .....                  (boots unavailable)
Stlth    ++........             (no amulet)
HPRegen  0.04/turn              (no ring)
MPRegen  0.08/turn              (no ring)

@: very quick
A: very small, no large weapons, unfitting armour, see invisible, speed 3
a: no special abilities


You were on level 1 of the Dungeon.
You visited 1 branch of the dungeon, and saw 1 of its levels.

You collected 11 gold pieces.

Inventory:

Hand Weapons
 a - a +1 hand crossbow
 b - a +0 short sword (weapon)
Missiles
 d - 19 bolts
Armour
 c - a +0 robe (worn)
Scrolls
 e - a scroll of magic mapping {unknown}


   Skills:
 - Level 1.5 Fighting
 * Level 0.2 Short Blades
 - Level 4.3 Crossbows
 + Level 2.7 Dodging
 * Level 1.7 Stealth


You had one spell level left.
You didn't know any spells.
Your spell library was empty.

Dungeon Overview and Level Annotations

Branches:
Dungeon (1/15)

Altars:


Innate Abilities, Weirdness & Mutations

You are very small and have problems with some larger weapons.
You are too small for most types of armour.
You have supernaturally acute eyesight. (SInv)
You cover ground extremely quickly. (Speed+++)


Message History

The bat barely misses you. The frilled lizard misses you.
You closely miss the bat. The bat misses you. The rat barely misses you.
The frilled lizard closely misses you. The kobold barely misses you.
The rat barely misses you.
You miss the frilled lizard. The bat barely misses you.
The bat closely misses you.
The frilled lizard bites you but does no damage.
The kobold completely misses you. The rat closely misses you.
You miss the frilled lizard. The bat completely misses you.
The frilled lizard completely misses you.
The kobold barely misses you. The rat closely misses you.
You hit the frilled lizard.
The frilled lizard is heavily wounded.
The bat misses you.
A bat comes into view.
The frilled lizard bites you. The kobold hits you with a +0 whip.
The rat barely misses you.
The bat moves out of view.
You are too injured to fight recklessly!
You are too injured to fight recklessly!
The bat barely misses you. The kobold closely misses you.
Found a scroll labelled MUHEANODGHO.
You see here a scroll labelled MUHEANODGHO.
e - a scroll labelled MUHEANODGHO You miss the frilled lizard.
The frilled lizard is heavily wounded.
The frilled lizard misses you.
You miss the frilled lizard.
The frilled lizard is heavily wounded.
The frilled lizard misses you.
You hit the frilled lizard.
You kill the frilled lizard!
You have reached level 2!
You hit the kobold.
The kobold is severely wounded.
The kobold hits you with a +0 whip.
* * * LOW HITPOINT WARNING * * *
You closely miss the kobold.
The kobold is severely wounded.
The kobold hits you with a +0 whip.
You die...

###.####
#....#
####l#
#....#
#.####
#r# #b#
#K# #@#
#.# #.#
#.# #.#
..# ####


You could see a bat, a kobold and a rat.

Vanquished Creatures
  2 bats (D:1)
  2 endoplasms (D:1)
  A hobgoblin (D:1)
  2 frilled lizards (D:1)
  A kobold (D:1)
8 creatures vanquished.

Notes
Turn   | Place    | Note
-------+----------+-------------------------------------------
     0 | D:1      | ces the Spriggan Hunter began the quest for the Orb.
     0 | D:1      | Reached XP level 1. HP: 10/10 MP: 2/2
   585 | D:1      | Reached XP level 2. HP: 6/14 MP: 3/3
   586 | D:1      | Slain by a kobold

Illustrated notes

Levels and vault maps discovered:
D:1:      nzn_arrival_settlement, layout_basic,
          shapermc_ecumenical_altar_notcrosses

Action                   || total
-------------------------++-------
Melee: Short sword       ||    28
 Fire: Hand crossbow     ||     5
 Stab: Sleeping          ||     2
Armor: Robe              ||     9
Dodge: Dodged            ||    41
